 Dungeon Crawl Stone Soup version 0.29.1-1-gd02db6906a (webtiles) character file.

Game seed: 8583773377492114638

464 groovy9 the Magician (level 6, -12/32 HPs)
             Began as a Deep Elf Earth Elementalist on Sept 25, 2022.
             Mangled by Edmund
             ... wielding a +3 dire flail of venom
              (15 damage)
             ... on level 4 of the Dungeon.
             The game lasted 00:10:30 (3651 turns).

groovy9 the Magician (Deep Elf Earth Elementalist)  Turns: 3651, Time: 00:10:30

Health: -12/32     AC:  4    Str:  4    XL:     6   Next: 80%
Magic:  14/18      EV: 12    Int: 26    God:
Gold:   210        SH:  0    Dex: 12    Spells: 16/19 levels left

rFire   . . .      SeeInvis .   d - +3 dagger (venom)
rCold   . . .      Faith    .   p - orb {light}
rNeg    . . .      Spirit   .   a - +1 robe
rPois   +          Reflect  .   q - +0 helmet
rElec   .          Harm     .   (no cloak)
rCorr   .          Rampage  .   (no gloves)
Will    .....                   (no boots)
Stlth   +.........              l - amulet of regeneration
HPRegen 0.90/turn               c - ring of poison resistance
MPRegen 0.16/turn               (no ring)

@: lethally poisoned (-12 -> -12), about to teleport, glowing
A: claws 1, clever 1, clumsy 1
a: no special abilities


You were on level 4 of the Dungeon.
You visited 1 branch of the dungeon, and saw 4 of its levels.
You also visited: Sewer.

You collected 210 gold pieces.

Inventory:

Hand Weapons
 d - a +3 dagger of venom (weapon)
Missiles
 o - 5 atropa-tipped darts
Armour
 a - a +1 robe (worn)
 p - an orb of light (worn)
 q - a +0 helmet (worn)
 r - a +0 buckler
Jewellery
 c - a ring of poison resistance (left claw)
 l - an amulet of regeneration (around neck)
Wands
 m - a wand of charming (10)
 s - a wand of iceblast (12)
Scrolls
 h - a scroll of fog
 j - a scroll of enchant armour
 k - 4 scrolls of magic mapping {unknown}
Potions
 b - 3 potions of magic
 f - a potion of berserk rage
 g - 2 potions of might
 i - a potion of attraction
 t - a potion of haste


   Skills:
 - Level 2.4 Dodging
 - Level 2.4 Stealth
 + Level 7.2 Spellcasting
 - Level 1.1 Transmutations
 + Level 6.4 Earth Magic


You had 16 spell levels left.
You knew the following spells:

 Your Spells              Type           Power      Damage    Failure   Level
a - Sandblast             Erth           86%        2d18      1%          1
b - Passwall              Tmut/Erth      24%        N/A       1%          2

Your spell library contained the following spells:

 Spells                   Type           Power      Damage    Failure   Level
 Stone Arrow              Conj/Erth      52%        3d10      4%          3
 Apportation              Tloc           18%        N/A       6%          1
 Necrotise                Necr           36%        1d5       6%          1
 Summon Small Mammal      Summ           36%        N/A       6%          1
 Blink                    Tloc           18%        N/A       10%         2
 Petrify                  Tmut/Erth      29%        N/A       13%         4
 Tukima's Dance           Hex            9%         N/A       19%         3
 Passage of Golubria      Tloc           9%         N/A       52%         4
 Yara's Violent Unravell  Hex/Tmut       6%         3d5       80%         5
 Manifold Assault         Tloc           9%         N/A       86%         5
 Storm Form               Tmut/Air       6%         N/A       100%        7


Dungeon Overview and Level Annotations

Branches:
Dungeon (4/15)              Sewer (visited)
 Temple: D:4-7

Altars:

Annotations:
D:4 Edmund


Innate Abilities, Weirdness & Mutations

You have sharp fingernails.
Your mind is acute. (Int +4, Str/Dex -1)
You are clumsy. (Dex -2)


Message History

The blast of sand hits Edmund!
Edmund is moderately wounded.
Edmund hits you with a +3 dire flail of venom!
You are poisoned.
A ball python comes into view.
You feel much better.
You feel very sick.
The ball python hisses angrily.
Edmund hits you with a +3 dire flail of venom.
A ball python comes into view.
Aiming: Sandblast (safe; 1% risk of failure)
Press: ? - help, Q - select action, (/) - cycle Shift-Dir - straight line, f/p - Edmund
Aim: Edmund, wielding a +3 dire flail of venom and wearing a +0 scale mail (moderately wounded, haloed, 89% to hit)
The blast of sand hits Edmund.
Edmund is heavily wounded.
The ball python hisses angrily.
You feel very sick. Edmund barely misses you.
A scorpion comes into view.
Edmund closely misses you.
Aiming: Sandblast (safe; 1% risk of failure)
Press: ? - help, Q - select action, (/) - cycle Shift-Dir - straight line, f/p - Edmund
Aim: Edmund, wielding a +3 dire flail of venom and wearing a +0 scale mail (heavily wounded, haloed, 89% to hit)
The blast of sand hits Edmund!
Edmund is heavily wounded.
You feel very sick.
Edmund hits you with a +3 dire flail of venom.
Aiming: Sandblast (safe; 1% risk of failure)
Press: ? - help, Q - select action, (/) - cycle Shift-Dir - straight line, f/p - Edmund
Aim: Edmund, wielding a +3 dire flail of venom and wearing a +0 scale mail (heavily wounded, haloed, 89% to hit)
The blast of sand hits Edmund.
Edmund is severely wounded.
You feel sick. Edmund closely misses you.
Edmund hits you with a +3 dire flail of venom!
* * * LOW HITPOINT WARNING * * *
Okay, then.
As you read the scroll of teleportation, it crumbles to dust.
You feel strangely unstable.
You feel sick.
Edmund hits you with a +3 dire flail of venom!
You die...

####### ###.....#
........#############
.......SJ@@.......)>#
.../..sS#####.###...#
........# #...###.###
........# #.####..##
.....#### #........#
..### ####...#.# .
####.###.# #....###.#
#......#.#


You could see Edmund, a scorpion, an endoplasm and 2 ball pythons.

Vanquished Creatures
  A kobold brigand (Sewer)
  A phantom (D:4)
  A necrophage (D:4)
  An orc priest (D:3)
  A jelly (D:4)
  Ijyb (D:4)
  Robin (D:3)
  5 adders
  6 worms
  2 dart slugs
  4 orcs (D:3)
  8 endoplasms
  6 giant cockroaches
  12 goblins
  7 hobgoblins
  3 jackals (D:3)
  2 quokkas
  11 ball pythons
  3 bats
  5 frilled lizards
  12 kobolds
  4 rats
97 creatures vanquished.

Notes
Turn   | Place    | Note
-------+----------+-------------------------------------------
     0 | D:1      | groovy9 the Deep Elf Earth Elementalist began the quest for
                  | the Orb.
     0 | D:1      | Reached XP level 1. HP: 10/10 MP: 6/6
   261 | D:1      | Reached XP level 2. HP: 15/15 MP: 5/8
  1258 | D:2      | Reached skill level 4 in Spellcasting
  1285 | D:2      | Found a faded altar of an unknown god.
  1290 | D:2      | Reached XP level 3. HP: 19/19 MP: 6/10
  1865 | D:3      | Found a glowing drain.
  1963 | Sewer    | Entered a sewer
  2012 | Sewer    | Reached XP level 4. HP: 24/24 MP: 9/12
  2292 | Sewer    | Reached skill level 5 in Spellcasting
  2365 | Sewer    | Noticed a kobold brigand
  2370 | Sewer    | Killed a kobold brigand
  2371 | Sewer    | Reached skill level 5 in Earth Magic
  2371 | Sewer    | Reached XP level 5. HP: 24/28 MP: 10/15
  2591 | Sewer    | Gained mutation: You have sharp fingernails. [potion of
                  | mutation]
  2591 | Sewer    | Gained mutation: You are clumsy. (Dex -2) [potion of
                  | mutation]
  2591 | Sewer    | Gained mutation: Your mind is acute. (Int +4, Str/Dex -1)
                  | [potion of mutation]
  2595 | Sewer    | Learned a level 2 spell: Passwall
  2789 | D:3      | Noticed Robin
  2798 | D:3      | Killed Robin
  2800 | D:3      | Reached skill level 6 in Spellcasting
  3250 | D:3      | Reached XP level 6. HP: 32/32 MP: 15/17
  3544 | D:4      | Noticed Ijyb
  3551 | D:4      | Killed Ijyb
  3608 | D:4      | Reached skill level 7 in Spellcasting
  3639 | D:4      | Noticed Edmund
  3651 | D:4      | Mangled by Edmund

Illustrated notes

Levels and vault maps discovered:
D:1:      nicolae_arrival_washed_ashore, layout_basic,
          chequers_decorated_corner, hangedman_decor_slide_cut
D:2:      layout_basic, shapermc_ecumenical_altar_mp_ritualfount, minmay_unequal
D:3:      wander_river, layout_loops_ring, gup_sewer_entry_glass, uniq_robin
D:4:      layout_basic, uniq_edmund, uniq_ijyb

Skill      XL: |  1  2  3  4  5  6 |
---------------+-------------------+-----
Spellcasting   | 4 5 6 7 |  7.2
Earth Magic    | 4 5 6 |  6.4
Dodging        | |  2.4
Stealth        | |  2.4
Transmutations | |  1.1

Action                   |  1- 3 |  4- 6 || total
-------------------------+-------+-------++-------
 Cast: Sandblast         |    54 |    80 ||   134
  Use: Scroll            |     2 |     9 ||    11
       Potion            |       |     6 ||     6
Armor: Robe              |     5 |     5 ||    10
Dodge: Dodged            |    12 |    14 ||    26
